Unix NetHack Version 5.0.0-0 post-release - last build Jul 14 2026 02:55:29 (1809b74e8187c3a3585e283601c3028b46cbbdcb,branch:main).

Game began 2026-07-17 04:22:35, ended 2026-07-17 05:00:22.

Brudee, chaotic female human Rogue

                                                                         -----
                                                                         ....|
                                                                         |<..|
                                                             ----        |...|
                                                             ...|########....|
                                                            .(..|# #     -----
                                                         + |%o..|#
                                                         ##o....|#
                                                        # #------#
                                                       ######G@)##
                                                       #
                                                       #
                                                       #
                                                      +#

Brudee the Rogue        St:14 Dx:17 Co:15 In:14 Wi:8 Ch:8  Chaotic S:5761
Dlvl:5  $:1945 HP:0(60) Pw:22(22) AC:3  Xp:7/864 T:3753  Burdened

Latest messages:
 The bugbear thrusts her orcish dagger.
 The bugbear hits!
 You are beginning to feel hungry.
 The bugbear thrusts her orcish dagger.
 The bugbear hits!
 What do you want to drink? [dj-ltvM-PRS or ?*] ?
 You feel better.
 The bugbear thrusts her orcish dagger.
 The bugbear hits!
 What do you want to drink? [dj-ltvM-PRS or ?*] N
 You feel better.
 The bugbear thrusts her orcish dagger.
 The bugbear hits!
 You have no ammunition readied.
 What do you want to fire? [$ or ?*] l
 You ready: l - a potion of speed.
 In what direction? <space>
 You hit the bugbear!
 The bugbear thrusts her orcish dagger.
 The bugbear hits!
 The gnome misses!
 The bugbear thrusts her orcish dagger.
 The bugbear hits!
 You hit the bugbear!
 The bugbear thrusts her orcish dagger.
 The bugbear hits!
 The gnome lady wields a mace!
 What do you want to drink? [dj-ltvMOPRS or ?*] ?
 You feel better.
 You hear bubbling water.
 What do you want to eat? [osAFTU or ?*] ?
 This food really hits the spot!
 You are hit by a dagger.
 You stop eating the food ration.
 You are hit by a dagger.
 You see here a dagger.
 The gnome lady swings her mace.
 The gnome lady hits!
 In what direction? h
 The flagon crashes on the gnome lady's head and breaks into shards.
 The potion of speed evaporates.
 The gnome lady is suddenly moving faster.
 You hit the gnome lady!
 The gnome lady swings her mace.
 The gnome lady hits!
 The gnome lady swings her mace.
 The gnome lady hits!
 You die...
 Do you want your possessions identified? [ynq] (y) y
 Do you want to see your attributes? [ynq] (y) q

Inventory:
 Coins    ('$')
  $ - 1945 gold pieces
 Weapons  (')')
  w - the +0 Sting (weapon in right hand, flickering light blue)
 Armor    ('[')
  I - a cursed very rusty +0 dwarvish iron helm (being worn)
  Q - a blessed +2 helmet
  V - a cursed +0 pair of elven boots (being worn)
  g - an uncursed +0 dwarvish mithril-coat (being worn)
 Comestibles  ('%')
  c - an uncursed partly eaten food ration
  o - an uncursed food ration
  T - 3 uncursed food rations
  F - an uncursed tripe ration
  U - an uncursed tripe ration
  A - an uncursed rotten tin of jackal meat
  s - an uncursed lichen corpse
 Scrolls  ('?')
  f - an uncursed scroll of enchant armor
  G - a blessed scroll of enchant weapon
  a - an uncursed scroll of scare monster
  L - a blessed scroll of teleportation
 Potions  ('!')
  O - an uncursed potion of booze
  v - an uncursed potion of confusion
  R - an uncursed potion of levitation
  P - an uncursed potion of oil
  S - 2 blessed potions of restore ability
  t - a blessed potion of sickness
  d - 2 uncursed potions of sickness
  j - a blessed potion of sleeping
  M - a cursed potion of sleeping
 Rings    ('=')
  b - a cursed -1 ring of protection
  X - an uncursed ring of warning
 Wands    ('/')
  p - a wand of digging (0:7)
  Y - a cursed wand of locking (0:6)
  J - a wand of make invisible (0:4)
 Tools    ('(')
  i - an empty uncursed sack
  Z - a cursed bag of tricks (0:6)
  e - an uncursed lock pick
  z - a +0 pick-axe

Brudee the Rogue's attributes:

Background:
 You were a Rogue, level 7 female human.
 You were chaotic, on a mission for Kos
 who was opposed by Issek (lawful) and Mog (neutral).
 You were right-handed.
 You were in the Dungeons of Doom, on level 5.
 You entered the dungeon 3753 turns ago.
 It was nighttime.
 There was a new moon in effect when your adventure ended.
 You had 864 experience points, 416 more were needed to attain level 8.
 Your score was 5761 before end-of-game adjustments.

Basics:
 You had 0 out of 60 hit points.
 You had all 22 energy points (spell power).
 Your armor class was 3.
 Your wallet contained 1945 zorkmids.
 Autopickup was on for '$!=+?/"' plus thrown.

Final Characteristics:
 Your strength was 14 (limit:18/100).
 Your dexterity was 17 (peak:18, limit:18).
 Your constitution was 15 (limit:18).
 Your intelligence was 14 (limit:18).
 Your wisdom was 8 (limit:18).
 Your charisma was 8 (limit:18).

Final Status:
 You weren't hungry.
 You were burdened; movement was slightly slowed.
 You were wielding a dagger.
 You had expert skill with dagger.

Final Attributes:
 You were piously aligned.
 You were telepathic.
 You were aware of the presence of orcs.
 You were stealthy.
 You were guarded.
 You are dead.

Miscellaneous:
 You didn't encounter any bones levels.
 Total elapsed playing time was 37 minutes and 45 seconds.

Major events:
 Turn
    1: Brudee the chaotic female human Rogue entered the dungeon
  578: entered the Gnomish Mines
  588: attained the rank of Cutpurse (level 3)
  630: became literate by naming Sting
 1125: attained the rank of Rogue (level 6)
 1575: reached Mine Town
 3753: killed by a gnome lady

You didn't know any spells.

Skills:
 Fighting Skills
   bare handed combat [Unskilled]
   two weapon combat  [Unskilled]
   riding             [Unskilled]
 Weapon Skills
   dagger             [Expert]
   knife              [Unskilled]
   short sword        [Basic]
   broadsword         [Unskilled]
   long sword         [Unskilled]
   two-handed sword   [Unskilled]
   saber              [Unskilled]
   club               [Unskilled]
   mace               [Unskilled]
   morning star       [Unskilled]
   flail              [Unskilled]
   hammer             [Unskilled]
   polearms           [Unskilled]
   spear              [Unskilled]
   crossbow           [Unskilled]
   dart               [Unskilled]
   shuriken           [Unskilled]
 Spellcasting Skills
   divination spells  [Unskilled]
   escape spells      [Unskilled]
   matter spells      [Unskilled]

Voluntary challenges:
 Character rerolling was not enabled.
 You never genocided any monsters.
 You never polymorphed an object.
 You never changed form.
 You used no wishes.
Achievements:
 You entered the Gnomish Mines.
 You attained the rank of Cutpurse.
 You attained the rank of Rogue.
 You entered Minetown.
 You entered a temple.
 You entered a shop.

 The Dungeons of Doom: levels 1 to 5
    Level 1:
    Level 2:
       Stairs down to The Gnomish Mines.
    Level 3:
       A sink.
    Level 4:
       A general store.
    Level 5: <- You were here.
       A throne.
       Final resting place for
          you, killed by a gnome lady.
 The Gnomish Mines: levels 3 to 7
    Level 3:
    Level 4:
    Level 5:
    Level 6:
       Many shops, a temple and an altar, some fountains.
    Level 7:


Vanquished creatures:
  2 small mimics
  a dwarf ruler
  a leprechaun
  a brown pudding
  a gnome mummy
  a bugbear
 10 gnome leaders
  3 gnomish wizards
  a ghoul
  5 giant ants
  2 floating eyes
  8 dwarves
  a kobold shaman
  2 monkeys
  a dwarf zombie
  3 iguanas
  2 coyotes
  a hobbit
  2 hobgoblins
  2 giant rats
  a cave spider
  a brown mold
  a yellow mold
 25 gnomes
  5 jackals
  a fox
  2 goblins
  a sewer rat
  2 grid bugs
  6 lichens
  4 newts
99 creatures vanquished.

No species were genocided or became extinct.

Game over:
                       ----------
                      /          \
                     /    REST    \
                    /      IN      \
                   /     PEACE      \
                  /                  \
                  |      Brudee      |
                  |     1945 Au      |
                  |   killed by a    |
                  |    gnome lady    |
                  |                  |
                  |                  |
                  |       2026       |
                 *|     *  *  *      | *
        _________)/\\_//(\/(/\)/\//\/|_)_______

Goodbye Brudee the Rogue...

You died in The Dungeons of Doom on dungeon level 5 with 5567 points,
and 1945 pieces of gold, after 3753 moves.
You were level 7 with a maximum of 60 hit points when you died.

